 Dungeon Crawl Stone Soup version 0.16-a0-3029-g57b17b4 (webtiles) character file.

108 Ololoev the Chopper (level 4, -3/23 HPs)
             Began as a Vine Stalker Berserker on Dec 8, 2014.
             Was a Believer of Trog.
             Slain by a centaur (5 damage)
             ... on level 4 of the Dungeon.
             The game lasted 00:04:27 (594 turns).

Ololoev the Chopper (Vine Stalker Berserker)         Turns: 594, Time: 00:04:27

Health: -3/23      AC:  3    Str: 20    XL:     4   Next: 87%
Magic:  0/5        EV: 12    Int:  7    God:    Trog [**....]
Gold:   52         SH:  0    Dex: 14    Spells: 0 memorised, 3 levels left

rFire  . . .     SeeInvis .     e - +3 hand axe
rCold  . . .     Clarity  .     b - +0 animal skin
rNeg   . . .     SustAb   .     (no shield)
rPois  .         Gourm    .     (no helmet)
rElec  .         Spirit   +     (no cloak)
rCorr  .         Warding  .     (no gloves)
rMut   .         Stasis   .     n - +0 pair of boots
MR     .....                    (no amulet)
Stlth  +.........               (no ring)
                                (no ring)

@: exhausted, slowed, very slow, not resistant to hostile enchantments, very
unstealthy
A: fangs 2, regeneration 1, magic shield, antimagic bite, no device heal 3, rot
immunity
a: Burn Spellbooks, Berserk, Trog's Hand, Renounce Religion


You were on level 4 of the Dungeon.
You worshipped Trog.
Trog was pleased with you.
You were not hungry.

You visited 1 branch of the dungeon, and saw 4 of its levels.

You collected 52 gold pieces.

Notes
Turn   | Place    | Note
--------------------------------------------------------------
     0 | D:1      | Ololoev, the Vine Stalker Berserker, began the quest for the Orb.
     0 | D:1      | Reached XP level 1. HP: 11/11 MP: 1/1
   155 | D:1      | Reached skill level 3 in Axes
   155 | D:1      | Reached XP level 2. HP: 11/16 MP: 3/3
   443 | D:3      | Noticed Ijyb
   471 | D:3      | Killed Ijyb
   471 | D:3      | Reached XP level 3. HP: 19/19 MP: 4/4
   516 | D:3      | Acquired Trog's second power
   565 | D:4      | Reached skill level 4 in Axes
   565 | D:4      | Reached XP level 4. HP: 12/23 MP: 2/5
   590 | D:4      | Noticed a centaur
   594 | D:4      | Slain by a centaur

Inventory:

Hand weapons
 e - a +3 hand axe (weapon)
Armour
 b - a +0 animal skin (worn)
 n - a +0 pair of boots (worn)
Jewellery
 f - an uncursed ring of ice
Scrolls
 g - 3 scrolls of identify {unknown}
 h - 2 scrolls of remove curse {unknown}
 l - 2 scrolls of random uselessness {unknown}
 m - a scroll of teleportation {unknown}
Potions
 a - 3 potions of haste {unknown}
 d - a potion of invisibility {unknown}
 i - a potion of curing {unknown}
 j - a potion of poison {unknown}
Books
 k - a book of Air

   Spells                             Type                      Level
   a - Shock                          Conjuration/Air              1
   b - Swiftness                      Charms/Air                   2
   c - Repel Missiles                 Charms/Air                   2
   d - Flight                         Charms/Air                   3
   e - Static Discharge               Conjuration/Air              3
   f - Lightning Bolt                 Conjuration/Air              5
   Trog disapproves of the use of such an item.
Comestibles
 c - 3 bread rations
 o - a meat ration
 p - a chunk of flesh

Table legend:
 A = Turns spent in this place as a percentage of turns spent in the entire game.
 B = Non-inter-level travel turns spent in this place as a percentage of non-inter-level travel turns spent in the entire game.
 C = Inter-level travel turns spent in this place as a percentage of turns spent in this place.
 D = Turns resting spent in this place as a percentage of non-inter-level travel turns spent in this place.
 E = Turns spent auto-exploring this place as a percentage of non-inter-level travel turns spent in this place.
 F = Non-inter-level travel turns spent in this place divided by the number of levels of this place that you've seen.
                   A       B       C       D       E      F
               +-------+-------+-------+-------+-------+----------------------
         Total | 100.0 | 100.0 |   0.0 |   1.5 |   0.0 | 115.5
       Dungeon | 100.0 | 100.0 |   0.0 |   1.5 |   0.0 | 115.5
               +-------+-------+-------+-------+-------+----------------------


   Skills:
 - Level 2.6 Fighting
 * Level 4.3 Axes
 + Level 2.5 Armour
 - Level 1.5 Dodging


You had 3 spell levels left.
You didn't know any spells.

Dungeon Overview and Level Annotations

Branches:
Dungeon (4/15)
 Temple: D:4-7

Altars:


Innate Abilities, Weirdness & Mutations

You have extremely sharp teeth.
Your natural rate of healing is unusually fast.
When hurt, damage is shared between your health and your magic reserves.
Your bite disrupts and absorbs the magic of your enemies.
Potions and wands cannot restore your health.
You are immune to rotting.


Message History

This raw flesh tastes terrible.
You are feeling very hungry.
Magic restored.
You continue eating. x2
Eat one of 2 chunks of flesh? (ye/n/q/i?) This raw flesh tastes terrible.
You continue eating. x2
Items here: )) [ † a hand axe; a leather armour; a short sword; an orc corpse You offer a prayer to Trog.
The orc corpse is consumed in a column of flame.
Trog is pleased with you.
Things that are here:
a dagger; a robe; an orc corpse You offer a prayer to Trog.
The orc corpse is consumed in a column of flame.
Trog is pleased with you.
Things that are here:
a flail; a leather armour; an orc corpse You offer a prayer to Trog.
The orc corpse is consumed in a column of flame.
Trog is pleased with you.
Things that are here:
a hand axe; a leather armour; a short sword
Found a stone staircase leading down.
A centaur comes into view.
The centaur shouts!
The centaur wields a shortbow.
The centaur shoots an arrow.
The arrow barely misses you.
You see here a ring mail.
The centaur shoots an arrow.
The arrow hits you.
You see here an arrow.
A worker ant comes into view.
The worker ant twitches its antennae in your direction.
The centaur unwields an uncursed shortbow.
The centaur closely misses you. The centaur hits you!
You hit the centaur. Your bite misses the centaur.
The centaur is moderately wounded.
The centaur hits you!
You die...

.## ....#.. ..... .....
#...# . ##...####a.
##.......... ..##
##...c......# #..# #
.###..>.@......# #..####
........(...##..#
#......
........[..###..###.....
.#........## #..##...#
#........## #..##..# #
...#.......# #.....####
...###.(..## ##.........
... ###..)###..##......
##)..)..####...##


You could see a centaur and a worker ant.

Table legend:
 A = Kills in this place as a percentage of kills in entire the game.
 B = Kills by you in this place as a percentage of kills by you in the entire game.
 C = Kills by friends in this place as a percentage of kills by friends in the entire game.
 D = Other kills in this place as a percentage of other kills in the entire game.
 E = Experience gained in this place as a percentage of experience gained in the entire game.
 F = Experience gained in this place divided by the number of levels of this place that you have seen.
                   A       B       C       D       E      F
               +-------+-------+-------+-------+-------+----------------------
         Total | 100.0 | 100.0 |  -nan |  -nan | 100.0 |  38.8
       Dungeon | 100.0 | 100.0 |  -nan |  -nan | 100.0 |  38.8
               +-------+-------+-------+-------+-------+----------------------

Vanquished Creatures
  An orc wizard (D:4)
  An orc priest (D:4)
  Ijyb (D:3)
  An adder (D:3)
  2 giant geckos (D:2)
  3 orcs (D:4)
  2 giant cockroaches
  3 hobgoblins (D:1)
  3 kobolds
  A ball python (D:1)
  2 goblins
  4 rats
24 creatures vanquished.

Action                   |  1- 3 |  4- 6 || total
-------------------------+-------+-------++-------
Melee: Hand axe          |    44 |     3 ||    47
Invok: Berserk           |     3 |       ||     3
 Stab: Sleeping          |     1 |       ||     1
  Eat: Chunk             |       |     2 ||     2

Vault maps used:
D:1:      sevenhm_arrival_forest_fort_large_3, roderic_serpentine_path
D:3:      ashenzari_conservatory_becter, minmay_misc_feat_enclosed,
          patterned_corridor, uniq_iyjb, uniq_robin, uniq_jessica
D:4:      elyvilon_altar_4, serial_shops, nicolae_shop_crystal, first_bread,
          minmay_goblin_outpost
